 Dungeon Crawl Stone Soup version 0.30-a0-743-gbfdf073431 (webtiles) character file.

Game seed: 10864125598969884220

53 Newt the Trooper (level 3, 0/29 HPs)
             Began as a Demonspawn Gladiator on Feb 6, 2023.
             Slain by a kobold
             ... wielding a +0 dagger
              (2 damage)
             ... on level 2 of the Dungeon.
             The game lasted 00:01:30 (1948 turns).

Newt the Trooper (Demonspawn Gladiator)             Turns: 1948, Time: 00:01:30

Health: 0/29       AC: 12    Str: 13 (16) XL:     3   Next: 64%
Magic:  12/12      EV:  9    Int:  8 (9)  God:
Gold:   81         SH:  0    Dex: 13 (14) Spells: 2/2 levels left

rFire   + . .      SeeInvis .    a - +0 rapier
rCold   . . .      Faith    .    (no shield)
rNeg    . . .      Spirit   .    i - +2 scale mail {rF+}
rPois   .          Reflect  .    c - +0 helmet
rElec   .          Harm     .    (no cloak)
rCorr   .          Rampage  .    (no gloves)
Will    .....                    g - +1 pair of boots Stlth
                                 (no amulet)
HPRegen 0.24/turn                h - ring of magical power
MPRegen 0.13/turn                (no ring)

@: no status effects
A: rugged brown scales 1
a: no special abilities


You were on level 2 of the Dungeon.
You visited 1 branch of the dungeon, and saw 3 of its levels.

You collected 81 gold pieces.

Inventory:

Hand Weapons
 a - a +0 rapier (weapon)
Missiles
 d - 3 throwing nets (quivered)
 e - a javelin
 j - 11 poisoned darts
 n - 6 curare-tipped darts
Armour
 b - a +0 leather armour
 c - a +0 helmet (worn)
 g - a +1 pair of boots (worn)
 i - a +2 scale mail of fire resistance (worn)
Jewellery
 h - a ring of magical power (left hand)
Potions
 f - 2 potions of degeneration
 l - 2 potions of invisibility
 m - a potion of might {unknown}


   Skills:
 + Level 3.6 Fighting
 - Level 2.6 Short Blades
 - Level 1.7 Throwing
 - Level 2.6 Dodging
 - Level 1.5 Stealth


You had 2 spell levels left.
You didn't know any spells.
Your spell library contained the following spells:

 Spells                   Type           Power      Damage    Failure   Level
 Tukima's Dance           Hex            0%         N/A       100%        3
 Passage of Golubria      Tloc           0%         N/A       100%        4
 Yara's Violent Unravell  Hex/Tmut       0%         3d3       100%        5


Dungeon Overview and Level Annotations

Branches:
Dungeon (3/15)

Altars:


Innate Abilities, Weirdness & Mutations

You are partially covered in rugged brown scales. (AC +1, +3% HP)


Message History

The adder poisons you! The orc hits you but does no damage.
The kobold hits you but does no damage.
You hit the adder.
You kill the adder!
You feel sick. The orc hits you but does no damage.
The kobold hits you but does no damage.
You hit the orc but do no damage.
You feel sick. The orc hits you with a +0 flail. The kobold misses you.
You are too injured to fight recklessly!
You are too injured to fight recklessly!
You are too injured to fight recklessly!
You are too injured to fight recklessly!
You are too injured to fight recklessly!
You are too injured to fight recklessly!
You are too injured to fight recklessly!
You are too injured to fight recklessly!
You are too injured to fight recklessly!
You are too injured to fight recklessly!
You are too injured to fight recklessly!
You are too injured to fight recklessly!
You are too injured to fight recklessly!
You are too injured to fight recklessly!
You are too injured to fight recklessly!
You hit the orc but do no damage.
You feel sick. The orc barely misses you.
The kobold hits you but does no damage.
You hit the orc but do no damage.
You feel sick.
You are no longer poisoned.
The orc hits you but does no damage. The kobold closely misses you.
You hit the orc.
The orc is heavily wounded.
The orc hits you but does no damage. The kobold barely misses you.
You barely miss the orc.
The orc is heavily wounded.
The orc closely misses you. The kobold hits you but does no damage.
You closely miss the orc.
The orc is heavily wounded.
The orc hits you with a +0 flail!
* * * LOW HITPOINT WARNING * * *
The kobold hits you with a +0 dagger.
You die...

#.......####.####
#############.........# ####
#.........# #.........# #...
#.##...##.# #.........# #.##
#.##.#.##.###.......).######.##
#....#....#.#..................
#..#####...#..........######...
#....#<...#.#.........# ###.
#.##.#.##.###.@.......# #.
#.##........#K.o......# #.
#.........#.######.#### #.
#####.#.###.# #.# #. #.#.###.#
#.# #. #....##.# ##'## #. #
###..##.# ##...## #. # #..##.#
##.....## ###. #
#..##.###.......## ##.#.


You could see an orc and a kobold.

Vanquished Creatures
  An adder (D:2)
  2 dart slugs (D:1)
  An orc (D:2)
  3 giant cockroaches (D:1)
  4 goblins
  2 hobgoblins (D:1)
  3 jackals (D:2)
  2 quokkas (D:1)
  5 ball pythons
  5 bats (D:1)
  4 frilled lizards (D:1)
  4 kobolds
  3 rats
39 creatures vanquished.

Notes
Turn   | Place    | Note
-------+----------+-------------------------------------------
     0 | D:1      | Newt the Demonspawn Gladiator began the quest for the Orb.
     0 | D:1      | Reached XP level 1. HP: 16/16 MP: 1/1
    28 | D:1      | Reached skill level 1 in Stealth
    72 | D:1      | Gained mutation: You are partially covered in rugged brown
                  | scales. (AC +1, +3% HP) [demonic ancestry]
    72 | D:1      | Reached XP level 2. HP: 14/22 MP: 2/2
   408 | D:1      | Reached skill level 3 in Fighting
   487 | D:1      | Reached XP level 3. HP: 28/29 MP: 3/3
  1948 | D:2      | Slain by a kobold

Illustrated notes

Levels and vault maps discovered:
D:1:      tarquinn_simple_flora_water_b, layout_basic, minmay_distorted
D:2:      layout_loops_corners, hangedman_decor_push, grunt_ministairs_13,
          kennysheep_generic_room_12
D:3:      layout_basic, kennysheep_generic_room_14, uniq_natasha, uniq_robin,
          uniq_ijyb

Skill      XL: |  1  2 |
---------------+-------+-----
Stealth        | 1 |  1.5
Fighting       | 3 |  3.6
Short Blades   | |  2.6
Throwing       | |  1.7
Dodging        | |  2.6

Action                     || total
---------------------------++-------
  Melee: Rapier            ||   147
         Punch             ||     2
    Use: Scroll            ||     3
         Potion            ||     1
   Stab: Sleeping          ||     1
 Armour: Leather armour    ||    37
         Scale mail        ||    67
  Dodge: Dodged            ||   112

Table legend: (Time is in decaauts)
 A = Elapsed time spent in this place.
 B = Non-inter-level travel time spent in this place.
 C = Inter-level travel time spent in this place.
 D = Time resting spent in this place.
 E = Time spent auto-exploring this place.
 F = Levels seen in this place.
 G = Mean time per level.
                   A        B        C        D        E       F      G
               +--------+--------+--------+--------+--------+-----+--------+
         Total |   1957 |   1855 |    102 |      0 |   1538 |   3 |  652.3 |
       Dungeon |   1957 |   1855 |    102 |      0 |   1538 |   3 |  652.3 |
               +--------+--------+--------+--------+--------+-----+--------+

Top non-repeatable levels by time:
     D:2: 1211 daAuts
     D:1: 742 daAuts
     D:3: 3 daAuts
